 Dungeon Crawl Stone Soup version 0.28-a0-861-ge64d6db94f (webtiles) character file.

Game seed: 7349421105411873632

12 cheechan the Bolt Thrower (level 2, 0/26 HPs)
             Began as a Naga Hunter on Nov 15, 2021.
             Slain by a rat (1 damage)
             ... on level 1 of the Dungeon.
             The game lasted 00:01:20 (139 turns).

cheechan the Bolt Thrower (Naga Hunter)              Turns: 139, Time: 00:01:20

Health: 0/26       AC:  2    Str: 14    XL:     2   Next: 33%
Magic:  2/2        EV:  9    Int: 11    God:
Gold:   0          SH:  0    Dex: 11    Spells: 1/1 levels left

rFire   . . .      SeeInvis +   a - +1 hand crossbow
rCold   . . .      Faith    .   (no shield)
rNeg    . . .      Spirit   .   c - +0 leather armour
rPois   +          Reflect  .   (no helmet)
rElec   .          Harm     .   (no cloak)
rCorr   .          Rampage  .   (no gloves)
Will    .....                   (no barding)
Stlth   +.........              (no amulet)
HPRegen 0.08/turn               (no ring)
MPRegen 0.08/turn               (no ring)

@: very slow
A: AC +0, large, see invisible, deformed body, poison resistance, slowness 2,
spit poison 1, naga tail 1
a: Spit Poison


You were on level 1 of the Dungeon.
You visited 1 branch of the dungeon, and saw 1 of its levels.

Inventory:

Hand Weapons
 a - a +1 hand crossbow (weapon)
 b - a +0 short sword
Missiles
 d - 12 bolts (quivered ammo)
 g - 20 arrows
Armour
 c - a +0 leather armour (worn)
Scrolls
 f - a scroll of identify {unknown}
Potions
 e - a potion of heal wounds {unknown}


   Skills:
 + Level 2.0 Fighting
 + Level 4.1 Crossbows
 + Level 1.5 Dodging
 + Level 1.5 Stealth


You had one spell level left.
You didn't know any spells.
Your spell library was empty.

Dungeon Overview and Level Annotations

Branches:
Dungeon (1/15)

Altars:


Innate Abilities, Weirdness & Mutations

Your serpentine skin is tough. (AC +0)
You have supernaturally acute eyesight. (SInv)
Armour fits poorly on your strangely shaped body.
Your system is resistant to poisons. (rPois)
You cover ground very slowly.
You can spit poison.
You have a snake-like lower body.


Message History

You shoot a bolt. The bolt hits the jackal.
The jackal is severely wounded.
You have got your breath back.
The jackal bites you.
The jackal bites you but does no damage.
The jackal bites you. The jackal barely misses you.
Abil: Spit Poison
Press: ? - help, Q - select action, (/) - cycle Shift-Dir - straight line, f/p - jackal
Aim: a jackal (severely wounded)
The splash of poison hits the jackal but does no damage.
The jackal is severely wounded.
The jackal bites you.
The jackal bites you but does no damage.
The rat bites you but does no damage. The jackal bites you.
Fire: 14 bolts
Press: ? - help, Shift-Dir - straight line, f/p - jackal
Aim: a jackal (severely wounded, 58% to hit)
You shoot a bolt. The bolt closely misses the jackal.
The bolt barely misses the jackal.
The jackal bites you.
* * * LOW HITPOINT WARNING * * *
The jackal bites you.
* * * LOW HITPOINT WARNING * * *
The rat closely misses you.
Fire: 13 bolts
Press: ? - help, Shift-Dir - straight line, f/p - jackal
Aim: a jackal (severely wounded, 58% to hit)
You shoot a bolt. The bolt hits the jackal!
You kill the jackal!
The jackal bites you but does no damage.
The jackal bites you.
* * * LOW HITPOINT WARNING * * *
The frilled lizard bites you.
* * * LOW HITPOINT WARNING * * *
The rat barely misses you.
Unknown command.
Okay, then.
You have got your breath back.
The frilled lizard bites you but does no damage.
The rat bites you.
You die...

##.#.)..#####....### ##
####...).)......##...###.
####....#....########.......
#..........†.#..... #.......
.....##......#.... #.......
#... ##........# ##########
# . #.........# #.#♣♣♣♣♣#.
##...rh....# ..........
#....h@....# .♣..♣.♣..♣
#.#..l#.#..# #♣♣..≈..♣♣
#.#†(.#.#..# #P♣.≈≈≈.♣P
...(.(..# .# #<..≈8≈..>
#........# #P♣.≈≈≈.♣P
..........# #♣♣..≈..♣♣
..........# .♣..♣.♣..♣
...(...(..# ...........
#.#.#♣♣♣♣♣#.


You could see 2 jackals, a frilled lizard and a rat.

Vanquished Creatures
  2 bats (D:1)
  An endoplasm (D:1)
  2 goblins (D:1)
  2 hobgoblins (D:1)
  A jackal (D:1)
  2 kobolds (D:1)
10 creatures vanquished.

Notes
Turn   | Place    | Note
-------+----------+-------------------------------------------
     0 | D:1      | cheechan the Naga Hunter began the quest for the Orb.
     0 | D:1      | Reached XP level 1. HP: 19/19 MP: 1/1
    71 | D:1      | Reached skill level 4 in Crossbows
    71 | D:1      | Reached XP level 2. HP: 12/26 MP: 2/2
   138 | D:1      | HP: 1/26 [frilled lizard (2)]
   139 | D:1      | Slain by a rat

Illustrated notes

Levels and vault maps discovered:
D:1:      tarquinn_simple_flora_water_b, layout_rooms

Skill      XL: |  1 |
---------------+----+-----
Crossbows      | 4 |  4.1
Fighting       | |  2.0
Dodging        | |  1.5
Stealth        | |  1.5

Action                   || total
-------------------------++-------
 Fire: Hand crossbow     ||    17
 Abil: Spit Poison       ||     5
Armor: Leather armour    ||     8
Dodge: Dodged            ||     7

Table legend: (Time is in decaauts)
 A = Elapsed time spent in this place.
 B = Non-inter-level travel time spent in this place.
 C = Inter-level travel time spent in this place.
 D = Time resting spent in this place.
 E = Time spent auto-exploring this place.
 F = Levels seen in this place.
 G = Mean time per level.
                   A        B        C        D        E       F      G
               +--------+--------+--------+--------+--------+-----+--------+
         Total |    187 |    187 |      0 |      0 |      0 |   1 |  187.0 |
       Dungeon |    187 |    187 |      0 |      0 |      0 |   1 |  187.0 |
               +--------+--------+--------+--------+--------+-----+--------+

Top non-repeatable levels by time:
     D:1: 187 daAuts
